 Dungeon Crawl Stone Soup version 0.18-a0-246-gbfa2ae1 (webtiles) character file.

40254 fredomojojo the Protected (level 13, 0/121 HPs)
             Began as a Deep Dwarf Berserker on Nov 1, 2015.
             Was a High Priest of Trog.
             Killed by a distortion unwield (27 damage)
             ... on level 15 of the Dungeon on Nov 25, 2015.
             The game lasted 06:15:40 (14646 turns).

fredomojojo the Protected (Deep Dwarf Berserker)   Turns: 14646, Time: 06:15:40

Health: 0/121      AC: 29    Str: 34    XL:     13   Next: 73%
Magic:  7/7        EV:  9    Int:  6    God:    Trog [*****.]
Gold:   492        SH: 11    Dex: 13    Spells: 0 memorised, 12 levels left

rFire  . . .     SeeInvis +     (no weapon)
rCold  . . .     Clarity  .     E - +8 plate armour
rNeg   + . .     SustAt   .     y - +0 shield {rN+}
rPois  .         Gourm    .     L - +0 helmet
rElec  .         Spirit   .     (no cloak)
rCorr  .         Warding  .     J - +2 pair of gloves {Str+3}
rMut   .         Stasis   .     (no boots)
MR     +....                    (no amulet)
Stlth  ..........               i - ring of see invisible
                                g - +6 ring of strength

@: non-regenerating, somewhat resistant to hostile enchantments, extremely
unstealthy
A: damage resistance, recharge devices, rugged brown scales 1, dopey 1, sense
surroundings 2, slow regeneration 3, MP-powered wands
a: Device Recharging, Berserk, Trog's Hand, Brothers in Arms, Burn Spellbooks,
Renounce Religion


You were on level 15 of the Dungeon.
You worshipped Trog.
Trog was extremely pleased with you.
You were not hungry.

You visited 2 branches of the dungeon, and saw 19 of its levels.
You also visited: Bailey.

You collected 1675 gold pieces.
You spent 1183 gold pieces at shops.

Inventory:

Hand Weapons
 a - a +3 hand axe
 f - a +0 spear of venom
 j - a +1 flail of draining
 k - a +1 war axe of venom
 o - a +3 lajatang of protection
 q - a +0 hunting sling
 N - a +2 halberd of holy wrath
 O - a +3 great sword of freezing
 P - a +4 eveningstar of distortion
 T - the +3 long sword of the Scavenger {slice, -Tele rN+ Str+4 Dex+2}
   (You found it on level 7 of the Dungeon)

   It inflicts extra damage upon your enemies.
   It affects your strength (+4).
   It affects your dexterity (+2).
   It protects you from negative energy.
   It prevents most forms of teleportation.
 X - a +2 long sword of flaming
Missiles
 e - 18 silver sling bullets
 l - 26 poisoned sling bullets
 x - 8 sling bullets of frost
 M - 5 steel sling bullets
 W - 2 silver javelins (quivered)
Armour
 y - a +0 shield of positive energy (worn)
 E - a +8 plate armour (worn)
 J - a +2 pair of gloves of strength (worn)
 L - a +0 helmet (worn)
Jewellery
 d - an uncursed ring of flight
 g - a +6 ring of strength (left hand)
 i - a ring of see invisible (right hand)
 u - a +2 ring of evasion
 Y - an uncursed ring of protection from magic
 Z - an uncursed amulet of stasis
Wands
 c - a wand of heal wounds (2)
 p - a wand of flame (18)
 s - a wand of fire (7)
 A - a wand of polymorph (12)
 D - a wand of digging (6)
 Q - a wand of frost (21)
Scrolls
 h - a scroll of fog
 w - 2 scrolls of blinking
 C - 2 scrolls of fear
 G - 5 scrolls of teleportation
 H - 6 scrolls of remove curse
 R - a scroll of magic mapping {unknown}
Potions
 b - 3 potions of brilliance
 n - 6 potions of curing
 t - 3 potions of haste
 K - 3 potions of might
 S - 2 potions of lignification {unknown}
Miscellaneous
 F - a sack of spiders
Comestibles
 v - 6 meat rations
 B - 8 fruits
 I - 6 bread rations
 U - 8 slices of pizza


   Skills:
 + Level 8.7 Fighting
 * Level 11.6 Long Blades
 + Level 6.4(7.0) Axes
 + Level 3.0(5.7) Maces & Flails
 + Level 1.7(4.7) Polearms
 + Level 4.2(4.8) Staves
 + Level 8.8(10.2) Slings
 + Level 6.9(8.4) Throwing
 * Level 12.3 Armour
 + Level 6.1 Dodging
 + Level 1.0 Stealth
 + Level 4.3 Shields
 + Level 4.0 Evocations


You had 12 spell levels left.
You didn't know any spells.

Dungeon Overview and Level Annotations

Branches:
Dungeon (15/15)            Temple (0/1) D:5            Lair (0/8) D:8
    Orc (4/4) D:9          Vaults (0/5) D:13
    Elf: Orc:3-4     Depths: D:15

Altars:
Fedhas
Qazlal
Ru
Sif Muna
Trog
Vehumet
Zin

Shops:
D:7 =   Orc:1 [   Orc:2 *


Innate Abilities, Weirdness & Mutations

You are resistant to damage.
You can recharge devices by infusing magical energy.
You passively map the area around you.
You do not regenerate naturally.
You are partially covered in rugged brown scales (AC +1, +3% HP).
You are dopey. (Int -2)
You expend magic power (3 MP) to strengthen your wands.


Message History

The manticore is almost dead.
You block the manticore's attack. The manticore claws you!
* * * LOW HITPOINT WARNING * * *
You block the manticore's attack. The manticore closely misses you.
The manticore claws you but does no damage.
The manticore barely misses you.
You closely miss the manticore.
The manticore is almost dead.
The manticore bites you.
* * * LOW HITPOINT WARNING * * *
The manticore claws you.
The manticore claws you but does no damage.
You bludgeon the manticore!!
You kill the manticore!
Trog accepts your kill.
The walls and floor vibrate strangely for a moment.
You see here 23 arrows.
Really unwield
P - a +4 eveningstar of distortion?
You are crushed and pinned by an extremely strong localised spatial distortion!
You die...

, ,, * , ,, ** ,
,** ..# , ,, , , ,
..# ,, , #.... ,
..# ,..*#.....
,..# , ,..##....#
..# , ........#
..# ,
........####..# ,
..........@..# *
#......(...# ,
#..........# ,
#....###...#
#....# #...# ,*
#....# #...#
,,,.###....###...#
..............#
..............#


There were no monsters in sight!

Vanquished Creatures
  2 vault guards (D:13)
  Harold (Orc:1)
  A hydra (D:14)
  2 tengu warriors (D:13)
  4 centaur warriors
  Nergalle (Orc:2)
  2 skeletal warriors (D:14)
  5 hill giants
  Pikel (D:9)
  3 unseen horrors
  3 ugly things
  A manticore (D:15)
  A cyclops (D:13)
  A centaur zombie (D:13)
  Maurice (D:9)
  A gargoyle (D:12)
  A kobold demonologist (D:14)
  An efreet (D:14)
  A tengu conjurer (D:13)
  A troll (D:9)
  Prince Ribbit (D:9)
  2 harpy zombies
  9 slime creatures
  A two-headed ogre (D:8)
  2 wyverns
  13 yaks
  3 deep elf magi
  A shadow (D:12)
  3 wolves (D:8)
  A deep elf fighter (D:14)
  A steam dragon (D:9)
  A wraith (D:14)
  Grum (D:8)
  A hippogriff (D:11)
  3 wargs
  Edmund (D:6)
  2 soldier ants
  A slave (D:9)
  3 sky beasts
  16 orc warriors
  5 ice beasts
  13 ogres
  2 phantoms
  2 eyes of draining (D:14)
  5 big kobolds
  19 centaurs
  9 giant frogs
  2 gnoll sergeants (D:9)
  A wyvern zombie (D:14)
  4 scorpions
  A jelly (D:5)
  14 killer bees
  5 wights (D:7)
  An electric eel (D:11)
  9 crimson imps
  2 giant frog zombies (D:12)
  4 hounds
  10 orc priests
  17 orc wizards
  4 centaur skeletons
  3 giant frog skeletons
  7 worker ants
  2 iguanas
  A killer bee zombie (D:8)
  2 sheep (D:14)
  A hound zombie (D:5)
  2 hound skeletons
  A worker ant zombie (D:11)
  17 adders
  4 gnolls
  4 river rats (D:8)
  A shadow imp (D:6)
  An adder skeleton (D:4)
  2 worms
  6 giant geckos
  109 orcs
  A ball python (D:4)
  11 bats
  6 giant cockroaches
  13 goblins
  14 hobgoblins
  4 jackals (D:1)
  A giant cockroach zombie (D:5)
  A giant gecko skeleton (D:7)
  8 giant newts
  A jackal skeleton (D:8)
  19 kobolds
  4 quokkas
  A quokka zombie (D:6)
  22 rats
  2 fungi (D:8)
500 creatures vanquished.

Vanquished Creatures (collateral kills)
  6 vault guards (D:13)
  Fannar (Orc:2)
  5 skeletal warriors (D:12)
  An efreet (D:14)
  A troll (D:9)
  A deep elf priest (D:14)
  A deep elf fighter (D:14)
  5 orc warriors
  2 ogres (D:9)
  A big kobold (D:9)
  2 gnoll sergeants (D:9)
  2 killer bees (D:12)
  2 gnolls (D:9)
  3 orcs
33 creatures vanquished.

Vanquished Creatures (others)
  A skeletal warrior (D:15)
  A mana viper (shapeshifter) (D:14)
  A two-headed ogre (D:14)
  A slave (D:11)
  A worker ant (D:11)
  3 orcs
  A quokka (D:9)
  2 fungi (D:8)
11 creatures vanquished.

Grand Total: 544 creatures vanquished

Notes
Turn   | Place    | Note
--------------------------------------------------------------
     0 | D:1      | fredomojojo the Deep Dwarf Berserker began the quest for the Orb.
     0 | D:1      | Reached XP level 1. HP: 20/20 MP: 1/1
   175 | D:1      | Reached XP level 2. HP: 22/28 MP: 2/2
   384 | D:2      | Reached ** piety under Trog
   425 | D:2      | Reached XP level 3. HP: 34/34 MP: 3/3
   704 | D:1      | Reached skill level 4 in Axes
  1063 | D:2      | Reached XP level 4. HP: 37/42 MP: 4/4
  1153 | D:2      | Found a glowing silver altar of Zin.
  1340 | D:2      | Reached *** piety under Trog
  1623 | D:2      | Upgraded the game from 0.18-a0-19-g8b99b3a to 0.18-a0-211-gcfb53b4
  2386 | D:2      | Found a bloodstained altar of Trog.
  2387 | D:2      | Found a stormy altar of Qazlal.
  2523 | D:3      | Reached XP level 5. HP: 38/49 MP: 5/5
  2530 | D:3      | Found a bloodstained altar of Trog.
  3297 | D:4      | Noticed an ogre
  3370 | D:4      | Noticed an ogre
  3380 | D:4      | Killed an ogre
  3380 | D:4      | Reached XP level 6. HP: 17/57 MP: 6/6
  3491 | D:4      | Reached skill level 1 in Evocations
  3594 | D:4      | Gained mutation: You are dopey. (Int -2) [potion of mutation]
  3594 | D:4      | Gained mutation: You are partially covered in rugged brown scales (AC +1, +3% HP). [potion of mutation]
  3657 | D:5      | Entered Level 5 of the Dungeon
  3741 | D:4      | Reached **** piety under Trog
  3887 | D:4      | Reached XP level 7. HP: 45/65 MP: 6/6
  4205 | D:6      | Reached skill level 5 in Axes
  4253 | D:5      | Found a staircase to the Ecumenical Temple.
  4593 | D:5      | Reached skill level 1 in Throwing
  4593 | D:5      | Reached XP level 8. HP: 40/74 MP: 6/6
  4750 | D:6      | Reached skill level 1 in Maces & Flails
  4750 | D:6      | Reached skill level 5 in Armour
  4821 | D:5      | Found a blossoming altar of Fedhas.
  4999 | D:6      | Found a deep blue altar of Sif Muna.
  5174 | D:6      | Noticed Edmund
  5187 | D:6      | Killed Edmund
  5226 | D:6      | Received a gift from Trog
  5391 | D:7      | Reached skill level 6 in Armour
  5412 | D:7      | Found Noych's Jewellery Emporium.
  5510 | D:7      | Found a sacrificial altar of Ru.
  5643 | D:7      | Reached skill level 5 in Slings
  5643 | D:7      | Reached skill level 5 in Dodging
  5740 | D:7      | Got a fine long sword
  5741 | D:7      | Identified the cursed +3 long sword of the Scavenger {slice, -Tele rN+ Str+4 Dex+2} (You found it on level 7 of the Dungeon)
  5825 | D:7      | Reached skill level 1 in Long Blades
  5946 | D:7      | Gained mutation: You passively map the area around you. [Deep Dwarf growth]
  5946 | D:7      | Reached XP level 9. HP: 57/81 MP: 8/8
  6127 | D:8      | Received a gift from Trog
  6320 | D:8      | Reached skill level 7 in Armour
  6359 | D:8      | Reached skill level 5 in Fighting
  6483 | D:8      | Found a radiant altar of Vehumet.
  6548 | D:8      | Reached skill level 5 in Throwing
  6645 | D:8      | Reached ***** piety under Trog
  6908 | D:8      | Noticed Grum
  6926 | D:8      | Killed Grum
  6933 | D:8      | Reached skill level 5 in Long Blades
  6938 | D:8      | Reached XP level 10. HP: 63/92 MP: 8/8
  7083 | D:9      | Noticed Pikel
  7096 | D:9      | Killed Pikel
  7096 | D:9      | Reached skill level 8 in Armour
  7203 | D:10     | Entered Level 10 of the Dungeon
  7288 | D:9      | Noticed Prince Ribbit
  7300 | D:9      | Killed Prince Ribbit
  7513 | D:9      | Found a staircase to the Orcish Mines.
  7523 | D:9      | Received a gift from Trog
  7601 | Orc:1    | Entered Level 1 of the Orcish Mines
  7601 | Orc:1    | Found Bihyarey's Armour Boutique.
  7601 | Orc:1    | Noticed Maurice
  7653 | D:9      | Killed Maurice
  7687 | Orc:1    | Received a gift from Trog
  7717 | Orc:1    | Bought a +2 pair of gloves of strength for 301 gold pieces
  7799 | Orc:1    | Noticed Harold
  7824 | Orc:1    | Killed Harold
  7824 | Orc:1    | Reached skill level 9 in Armour
  7883 | Orc:1    | You fall through a shaft!
  7883 | Orc:2    | Noticed Fannar
  7914 | Orc:2    | Killed Fannar
  7998 | Orc:2    | Reached XP level 11. HP: 83/101 MP: 9/9
  8085 | Orc:2    | Found Nyunij's Assorted Antiques.
  8253 | Orc:2    | Noticed Nergalle
  8256 | Orc:2    | Noticed a spectral orc warlord
  8307 | Orc:2    | Killed Nergalle
  8440 | Orc:1    | Received a gift from Trog
  8646 | Orc:4    | Entered Level 4 of the Orcish Mines
  9406 | D:7      | Bought a +6 ring of strength for 702 gold pieces
  9406 | D:7      | Bought an uncursed ring of see invisible for 180 gold pieces
  9589 | D:10     | Reached skill level 1 in Staves
  9694 | D:10     | Noticed a hill giant
  9706 | D:10     | Killed a hill giant
 10059 | D:10     | Noticed a hill giant
 10070 | D:10     | Killed a hill giant
 10082 | D:10     | Noticed a hill giant
 10094 | D:10     | Killed a hill giant
 10192 | D:10     | Noticed a hill giant
 10237 | D:10     | Killed a hill giant
 10237 | D:10     | Reached skill level 10 in Armour
 10301 | D:11     | Found a flagged portal.
 10310 | Bailey   | Entered a bailey
 10582 | Bailey   | Received a gift from Trog
 11394 | D:11     | Reached XP level 12. HP: 94/112 MP: 10/10
 11475 | D:11     | Received a gift from Trog
 11812 | D:12     | Received a gift from Trog
 11866 | D:12     | Reached skill level 1 in Polearms
 12122 | D:12     | Reached skill level 1 in Stealth
 12200 | D:13     | Noticed a centaur warrior
 12222 | D:12     | Received a gift from Trog
 12283 | D:12     | Reached skill level 10 in Long Blades
 12380 | D:13     | Noticed a centaur warrior
 12393 | D:13     | Killed a centaur warrior
 12393 | D:13     | Reached skill level 11 in Armour
 12821 | D:13     | Found a gate to the Vaults.
 12821 | D:13     | Noticed a vault guard
 12821 | D:13     | Noticed a vault guard
 12821 | D:13     | Noticed a vault guard
 12821 | D:13     | Noticed a vault guard
 12821 | D:13     | Noticed a vault guard
 12822 | D:13     | Noticed a vault guard
 12822 | D:13     | Noticed a vault guard
 12824 | D:13     | Noticed a vault guard
 12829 | D:13     | Killed a vault guard
 12831 | D:13     | Killed a vault guard
 12833 | D:13     | Killed a vault guard
 12837 | D:13     | Killed a vault guard
 12837 | D:13     | Reached skill level 1 in Shields
 12838 | D:13     | Killed a vault guard
 12840 | D:13     | Killed a vault guard
 12858 | D:13     | Killed a vault guard
 12858 | D:13     | Reached XP level 13. HP: 49/120 MP: 10/10
 13244 | D:13     | Gained mutation: You expend magic power (3 MP) to strengthen your wands. [mutagenic meat]
 13639 | D:14     | Received a gift from Trog
 13864 | D:14     | Received a gift from Trog
 13966 | D:14     | Reached skill level 12 in Armour
 13991 | D:15     | Entered Level 15 of the Dungeon
 14098 | D:14     | Received a gift from Trog
 14419 | D:14     | Upgraded the game from 0.18-a0-211-gcfb53b4 to 0.18-a0-246-gbfa2ae1
 14646 | D:15     | Killed by a distortion unwield

Vault maps used:
D:1:      dpeg_arrival_morbid_curiosity
D:2:      nicolae_overflow_hidden_temple, gammafunk_temple_overflow_statue
D:3:      first_bread, roderic_lattice_a, trog_three_pillars_becter
D:5:      temple_fountains, fedhas_altar_4
D:6:      led_sif_pool, uniq_edmund
D:7:      nicolae_ru_awakened_eye, serial_shops, shop
D:8:      vehumet_crystals, grunt_lair_entry_elf_guard_hut, uniq_grum
D:9:      kennysheep_orc_monster_closet_entryway, uniq_pikel,
          uniq_prince_ribbit1
D:11:     enter_bailey_3
D:13:     erik_vaults_2
D:14:     hangedman_ranch
D:15:     grunt_enter_depths_magical_seal, portal_ice_cave_entry_dragon,
          lab_entry_generic
Orc:1:    serial_shops, shop, uniq_maurice, uniq_harold
Orc:2:    serial_shops, shop, nicolae_orc_damp_corner, library_closet,
          uniq_nergalle, uniq_fannar
Orc:3:    nicolae_orc_pool_cavern
Orc:4:    st_orc_elflike
Bailey:   bailey_polearm_flooded_kennysheep, bailey

Action                   |  1- 3 |  4- 6 |  7- 9 | 10-12 | 13-15 || total
-------------------------+-------+-------+-------+-------+-------++-------
Melee: Hand axe          |   181 |   173 |   170 |    17 |       ||   541
       Flail             |       |     4 |    18 |    20 |       ||    42
       Long sword        |       |       |   212 |   465 |   123 ||   800
       Dire flail        |       |       |     8 |       |       ||     8
       Scimitar          |       |       |     4 |       |       ||     4
       Great sword       |       |       |       |    29 |     4 ||    33
       Lajatang          |       |       |       |   253 |       ||   253
       Halberd           |       |       |       |    56 |       ||    56
       Spear             |       |       |       |    42 |       ||    42
       Hunting sling     |       |       |       |     1 |       ||     1
       War axe           |       |       |       |       |    77 ||    77
       Eveningstar       |       |       |       |       |    68 ||    68
 Fire: Hunting sling     |     2 |    72 |    43 |   142 |    63 ||   322
Throw: Stone             |       |     5 |    13 |       |       ||    18
       Tomahawk          |       |       |    75 |    98 |     1 ||   174
       Javelin           |       |       |       |    39 |     5 ||    44
Invok: Berserk           |     2 |     2 |     2 |    10 |       ||    16
       Trog's Hand       |       |     1 |     1 |     7 |       ||     9
       Burn Spellbooks   |       |       |     2 |     3 |       ||     5
       Brothers in Arms  |       |       |       |     5 |     1 ||     6
 Abil: Device Recharging |       |     1 |     2 |     2 |     4 ||     9
       Evoke Flight      |       |       |       |     3 |       ||     3
Evoke: Wand              |     2 |     4 |     7 |    23 |    15 ||    51
       Sack of spiders   |       |       |       |       |     1 ||     1
  Use: Potion            |     2 |     1 |     1 |    10 |     6 ||    20
       Scroll            |     4 |     8 |     8 |    15 |     5 ||    40
  Eat: Bread ration      |     1 |     2 |     1 |       |       ||     4
       Chunk             |       |     1 |     6 |     5 |     2 ||    14
       Meat ration       |       |       |     1 |     2 |     1 ||     4
       Beef jerky        |       |       |       |     4 |     1 ||     5
       Pizza             |       |       |       |     4 |       ||     4
       Fruit             |       |       |       |     7 |       ||     7
